cohdb
Replays
Latest Replays
All Replays
Popular Replays
Top Player Replays
Match Explorer
How It Works
Community
CoH3 Stats
Reddit
Sign in to upload your games and track your stats! →
Sign in with Steam
Match 41378011
Unlisted
Match 41378011
Overview
Messages
Build Orders
End
Scout Squad
Selects Airborne Battlegroup
Selects Heavy Machine Gun Paradrop
Heavy Machine Gun Paradrop
Construct Barracks
Riflemen Squad
Riflemen Squad
Construct Medical Station
Mechanized Support Center
Selects Recon Loiter
Riflemen Squad
Grenade Package
Recon Loiter
Construct Motor Pool
M24 Chaffee Light Tank
Selects Supply Drop
Recon Loiter
M8 Greyhound Armored Car
Supply Drop
Recon Loiter
M1918 Browning Automatic Rifles
Designate Forward Repair Station
M1 Mortar Team
M1 Anti-tank Gun Team
Selects Carpet Bombing Run
Recon Loiter
Carpet Bombing Run
Supply Drop
M24 Chaffee Light Tank
M24 Chaffee Light Tank
Recon Loiter
Carpet Bombing Run
Supply Drop
Selects Paratrooper Squad Paradrop
Selects Anti-tank Gun Team Paradrop
Recon Loiter
M24 Chaffee Light Tank
Supply Drop
Carpet Bombing Run
Esxile
T.R. Stormjäger
Major Storm
Mohammed McLOVIN
0
0
Comments
sign in to comment!
No comments posted yet!